Pittsburgh Penguins vs Nashville Predators
Created - Friday, September 1, 2023 at 06:18
Goals
|
| Pittsburgh Penguins |
3 |
0 |
0 |
3 |
| Nashville Predators |
0 |
4 |
0 |
4 |
|
Shots
|
| Pittsburgh Penguins |
20 |
16 |
8 |
44 |
| Nashville Predators |
5 |
13 |
15 |
33 |
|
1st period
1. Pittsburgh Penguins , Sam Reinhart 4 (Pavel Buchnevich 3) at 7:29
2. Pittsburgh Penguins , Tom Wilson 3 (Gabriel Vilardi 3) at 15:12
3. Pittsburgh Penguins , Jordan Eberle 1 (Ryan Johansen 1, Anders Lee 4) at 16:47
Penalties :
Cale Makar (NSH) for Hooking (Minor) at 3:59, Michael Carcone (NSH) for Roughing (Minor) at 12:52
2nd period
4. Nashville Predators , Ryan Carpenter 2 (Brett Leason 3, Justin Braun 5) at 5:26
5. Nashville Predators , Michael Carcone 1 (Alex Newhook 2, Nate Schmidt 2) at 9:35
6. Nashville Predators , Blake Wheeler 4 (Cale Makar 2) at 16:57 (PP)
7. Nashville Predators , Patrick Maroon 2 (Brett Leason 4, Ryan Carpenter 3) at 19:12
Penalties :
Riley Nash (NSH) for Roughing (Minor) at 1:02, Michael Carcone (NSH) for Goalie Interference (Minor) at 5:41, Erik Gudbranson (PIT) for Roughing (Minor) at 16:18, Leon Draisaitl (PIT) for Slashing (Minor) at 16:42
3rd period
No Goal
Penalties :
Corey Perry (NSH) for Goalie Interference (Minor) at 3:47, Erik Gudbranson (PIT) for Hooking (Minor) at 18:36
Goalie Stats
Marc-Andre Fleury (PIT), 29 saves from 33 shots - (0.879), L, 3-4-2, 60:00 minutes
Alexandar Georgiev (NSH), 41 saves from 44 shots - (0.932), W, 2-5-0, 60:00 minutes
Players Stats for Pittsburgh Penguins
Player Name G A P +/- PIM S H SB GA TA FO MP PP MP PK MP
------------------------------------------------------------------------------------
Anders Lee 0 1 1 1 0 0 2 1 1 0 0/0 16:23 5:07 0:00
Brian Dumoulin 0 0 0 -2 0 1 0 0 0 0 0/0 21:04 4:55 1:48
Colton Sissons 0 0 0 0 0 2 0 0 0 1 0/1 9:51 0:00 1:31
Erik Gudbranson 0 0 0 3 4 1 2 2 0 1 0/0 15:45 0:00 1:06
Erik Karlsson 0 0 0 -1 0 2 1 2 1 1 0/0 21:47 5:00 0:00
Gabriel Vilardi 0 1 1 0 0 3 0 1 0 0 0/0 8:36 0:17 0:00
J.J. Moser 0 0 0 3 0 0 1 0 0 0 0/0 16:22 0:00 1:58
Jean-Gabriel Pageau 0 0 0 -2 0 1 1 1 0 1 11/14 19:36 4:21 1:31
Jordan Eberle 1 0 1 1 0 1 1 0 0 0 1/2 11:54 0:17 0:00
Leon Draisaitl 0 0 0 -2 2 5 1 0 2 0 1/6 19:02 4:31 0:46
Mattias Ekholm 0 0 0 -1 0 1 1 0 0 2 0/0 25:02 4:55 2:24
Mitchell Marner 0 0 0 -2 0 3 1 1 2 0 0/0 18:15 4:31 0:00
Pavel Buchnevich 0 1 1 1 0 9 0 1 0 0 0/2 18:40 4:48 1:13
Phillip Danault 0 0 0 1 0 3 0 1 0 0 8/20 15:14 0:00 2:15
Ryan Johansen 0 1 1 1 0 3 3 0 2 2 10/16 11:37 0:00 0:00
Ryan Suter 0 0 0 -2 0 2 0 2 0 0 0/0 19:58 5:00 0:16
Sam Reinhart 1 0 1 1 0 3 0 0 1 0 1/1 17:45 5:07 0:00
Tom Wilson 1 0 1 0 0 4 1 0 1 0 1/1 9:05 0:46 0:00
Players Stats for Nashville Predators
Player Name G A P +/- PIM S H SB GA TA FO MP PP MP PK MP
------------------------------------------------------------------------------------
Alex Newhook 0 1 1 -1 0 1 2 0 1 0 0/0 13:26 0:00 0:14
Alexander Alexeyev 0 0 0 1 0 1 1 1 0 0 0/0 11:32 0:00 0:00
Blake Wheeler 1 0 1 0 0 4 3 0 0 1 3/6 16:29 2:01 1:07
Brett Leason 0 2 2 2 0 0 1 0 1 0 0/1 11:25 0:00 4:36
Cale Makar 0 1 1 -2 2 2 0 1 0 0 0/0 25:01 2:03 3:47
Corey Perry 0 0 0 -1 2 4 1 0 1 0 0/0 15:20 2:01 0:00
Justin Braun 0 1 1 1 0 3 3 0 1 0 0/0 22:00 1:43 5:02
Kevin Labanc 0 0 0 0 0 2 1 1 0 1 0/0 15:14 2:01 0:00
Markus Niemelainen 0 0 0 1 0 0 1 1 0 2 0/0 13:04 0:00 1:06
Michael Carcone 1 0 1 -2 4 2 0 2 0 0 7/21 13:51 0:00 0:00
Nate Schmidt 0 1 1 1 0 0 1 0 1 3 0/0 22:00 1:43 5:02
Patrick Maroon 1 0 1 2 0 3 3 0 0 0 0/0 7:47 0:00 0:30
Rasmus Ristolainen 0 0 0 -2 0 0 1 0 0 0 0/0 26:28 2:03 4:53
Riley Nash 0 0 0 -1 2 3 1 1 1 1 7/12 18:13 1:45 3:52
Ryan Carpenter 1 1 2 2 0 3 0 0 0 1 3/4 11:51 0:00 4:42
Sam Gagner 0 0 0 0 0 2 1 0 0 0 0/1 13:55 1:45 0:00
Thomas Novak 0 0 0 0 0 3 1 0 2 0 9/16 15:16 1:45 0:00
Zemgus Girgensons 0 0 0 -1 0 0 1 0 0 1 1/2 17:08 0:00 4:49
3 Stars
1 - Ryan Carpenter (NSH)
2 - Patrick Maroon (NSH)
3 - Brett Leason (NSH)
Power Play
Pittsburgh Penguins - 0 on 5 Attempt(s) - 0.00%
Nashville Predators - 1 on 3 Attempt(s) - 33.33%
Penalty Kill
Pittsburgh Penguins - 2 on 3 Attempt(s) - 66.67%
- Score 0 goal in Penalty Kill
Nashville Predators - 5 on 5 Attempt(s) - 100.00%
- Score 0 goal in Penalty Kill
Team Stat
Pittsburgh Penguins - Hits : 15 - Faceoff Wins : 33 - Blocked Shots : 12 - Penalty Minutes : 6
Nashville Predators - Hits : 22 - Faceoff Wins : 30 - Blocked Shots : 7 - Penalty Minutes : 10
Official
Referees : Kevin Pollock and Ghislain Hebert
Linesman : Brad Lazarowich and Jonny Murray
Game Notes
No Game Note
Finance
Level 1 -- Attendance: 4883 (81.38%) -- Ticket Income $488,300
Level 2 -- Attendance: 3686 (73.72%) -- Ticket Income $221,160
Level 3 -- Attendance: 2375 (79.17%) -- Ticket Income $83,125
Level 4 -- Attendance: 3687 (73.74%) -- Ticket Income $92,175
Luxury Box -- Attendance: 836 (83.60%) -- Ticket Income $167,200
Game was played at the Bridgestone Arena.
Total Attendance: 15467 (77.34%)
Total Ticket Income: $1,051,960
Other Income: $368,186
Total Income: $1,420,146
Pittsburgh Penguins
5 vs 5 Forward
Center Left Wing Right Wing Time % Phy DF OF
1 Jean-Gabriel Pageau Leon Draisaitl Mitchell Marner 30 1 2 2
2 Phillip Danault Pavel Buchnevich Sam Reinhart 30 1 2 2
3 Ryan Johansen Anders Lee Jordan Eberle 25 1 2 2
4 Colton Sissons Gabriel Vilardi Tom Wilson 15 1 2 2
5 vs 5 Defense
Defense Defense Time % Phy DF OF
1 Erik Karlsson Mattias Ekholm 30 1 2 2
2 Ryan Suter Brian Dumoulin 30 1 2 2
3 Erik Gudbranson J.J. Moser 30 1 2 2
4 Erik Karlsson Mattias Ekholm 10 1 2 2
PowerPlay Forward
Center Left Wing Right Wing Time % Phy DF OF
1 Leon Draisaitl Pavel Buchnevich Mitchell Marner 50 0 2 3
2 Jean-Gabriel Pageau Anders Lee Sam Reinhart 50 1 2 2
PowerPlay Defense
Defense Defense Time % Phy DF OF
1 Erik Karlsson Ryan Suter 50 1 2 2
2 Mattias Ekholm Brian Dumoulin 50 1 2 2
Penalty Kill 4 Players Forward
Center Wing Time % Phy DF OF
1 Leon Draisaitl Phillip Danault 50 1 2 2
2 Jean-Gabriel Pageau Colton Sissons 50 1 2 2
Penalty Kill 4 Players Defense
Defense Defense Time % Phy DF OF
1 Mattias Ekholm Brian Dumoulin 50 1 2 2
2 Erik Gudbranson J.J. Moser 50 1 2 2
Penalty Kill - 3 Players Forward
Forward Time % Phy DF OF
1 Leon Draisaitl 50 1 2 2
2 Mitchell Marner 50 1 2 2
Penalty Kill - 3 Players Defense
Defense Defense Time % Phy DF OF
1 Erik Gudbranson J.J. Moser 50 1 2 2
2 Mattias Ekholm Brian Dumoulin 50 1 2 2
4 vs 4 Forward
Center Wing Time % Phy DF OF
1 Leon Draisaitl Mitchell Marner 50 1 2 2
2 Sam Reinhart Pavel Buchnevich 50 1 2 2
4 vs 4 Defense
Defense Defense Time % Phy DF OF
1 Erik Karlsson Ryan Suter 50 1 2 2
2 Mattias Ekholm Brian Dumoulin 50 1 2 2
Last Minutes Offensive
Center Left Wing Right Wing Defense Defense
Leon Draisaitl Pavel Buchnevich Mitchell Marner Erik Karlsson Mattias Ekholm
Last Minutes Defensive
Center Left Wing Right Wing Defense Defense
Leon Draisaitl Pavel Buchnevich Mitchell Marner Erik Karlsson Mattias Ekholm
Goaltenders
Starting : Marc-Andre Fleury
Backup : Akira Schmid
Extra Forwards
Normal : Tom Wilson, Gabriel Vilardi, Phillip Danault - PP : Tom Wilson, Gabriel Vilardi - PK : Phillip Danault
Extra Defensemen
Normal : Erik Gudbranson, J.J. Moser, Mattias Ekholm - PP : Erik Gudbranson - PK : J.J. Moser, Mattias Ekholm
Penalty Shots
Leon Draisaitl, Mitchell Marner, Sam Reinhart, Pavel Buchnevich, Jean-Gabriel Pageau
Nashville Predators
5 vs 5 Forward
Center Left Wing Right Wing Time % Phy DF OF
1 Thomas Novak Kevin Labanc Blake Wheeler 30 1 2 2
2 Michael Carcone Alex Newhook Corey Perry 30 1 2 2
3 Riley Nash Zemgus Girgensons Sam Gagner 25 1 2 2
4 Ryan Carpenter Patrick Maroon Brett Leason 15 1 2 2
5 vs 5 Defense
Defense Defense Time % Phy DF OF
1 Cale Makar Rasmus Ristolainen 30 1 2 2
2 Nate Schmidt Justin Braun 30 1 2 2
3 Alexander Alexeyev Markus Niemelainen 25 1 2 2
4 Cale Makar Rasmus Ristolainen 15 1 2 2
PowerPlay Forward
Center Left Wing Right Wing Time % Phy DF OF
1 Blake Wheeler Kevin Labanc Corey Perry 50 1 2 2
2 Thomas Novak Riley Nash Sam Gagner 50 1 2 2
PowerPlay Defense
Defense Defense Time % Phy DF OF
1 Cale Makar Rasmus Ristolainen 50 1 2 2
2 Nate Schmidt Justin Braun 50 1 2 2
Penalty Kill 4 Players Forward
Center Wing Time % Phy DF OF
1 Riley Nash Zemgus Girgensons 50 1 2 2
2 Ryan Carpenter Brett Leason 50 1 2 2
Penalty Kill 4 Players Defense
Defense Defense Time % Phy DF OF
1 Cale Makar Rasmus Ristolainen 50 1 2 2
2 Nate Schmidt Justin Braun 50 1 2 2
Penalty Kill - 3 Players Forward
Forward Time % Phy DF OF
1 Riley Nash 50 1 2 2
2 Ryan Carpenter 50 1 2 2
Penalty Kill - 3 Players Defense
Defense Defense Time % Phy DF OF
1 Cale Makar Rasmus Ristolainen 50 1 2 2
2 Nate Schmidt Justin Braun 50 1 2 2
4 vs 4 Forward
Center Wing Time % Phy DF OF
1 Thomas Novak Blake Wheeler 50 1 2 2
2 Michael Carcone Kevin Labanc 50 1 2 2
4 vs 4 Defense
Defense Defense Time % Phy DF OF
1 Cale Makar Rasmus Ristolainen 50 1 2 2
2 Nate Schmidt Justin Braun 50 1 2 2
Last Minutes Offensive
Center Left Wing Right Wing Defense Defense
Blake Wheeler Kevin Labanc Corey Perry Cale Makar Rasmus Ristolainen
Last Minutes Defensive
Center Left Wing Right Wing Defense Defense
Blake Wheeler Kevin Labanc Corey Perry Cale Makar Rasmus Ristolainen
Goaltenders
Starting : Alexandar Georgiev
Backup : Adin Hill
Extra Forwards
Normal : Brett Leason, Alex Newhook, Zemgus Girgensons - PP : Brett Leason, Alex Newhook - PK : Zemgus Girgensons
Extra Defensemen
Normal : Alexander Alexeyev, Markus Niemelainen, Nate Schmidt - PP : Alexander Alexeyev - PK : Markus Niemelainen, Nate Schmidt
Penalty Shots
Blake Wheeler, Corey Perry, Thomas Novak, Kevin Labanc, Riley Nash
% Time on Ice - Pittsburgh Penguins
Lines # - Real PCT - Wanted PCT - Time Play
Normal Forward
1 - 30% - 30% - 13:44
2 - 27% - 30% - 12:39
3 - 25% - 25% - 11:37
4 - 18% - 15% - 8:19
Normal Defense
1 - 30% - 30% - 14:00
2 - 31% - 30% - 14:22
3 - 31% - 30% - 14:23
4 - 8% - 10% - 3:34
PP Forward
1 - 48% - 50% - 4:48
2 - 52% - 50% - 5:07
PP Defense
1 - 50% - 50% - 5:00
2 - 50% - 50% - 4:55
PK Forward
1 - 57% - 50% - 2:00
2 - 43% - 50% - 1:31
PK Defense
1 - 51% - 50% - 1:48
2 - 49% - 50% - 1:43
PK3 Forward
1 - 100% - 50% - 0:15
2 - 0% - 50% - 0:00
PK3 Defense
1 - 100% - 50% - 0:15
2 - 0% - 50% - 0:00
44 Forward
1 - 0% - 50%
2 - 0% - 50%
44 Defense
1 - 0% - 50%
2 - 0% - 50%
Last Minute Offensive - 0:00
Last Minute Defensive - 0:00
Total
Forward - 60:00
Defense - 60:00
|
% Time on Ice - Nashville Predators
Lines # - Real PCT - Wanted PCT - Time Play
Normal Forward
1 - 30% - 30% - 13:48
2 - 30% - 30% - 13:50
3 - 26% - 25% - 11:52
4 - 15% - 15% - 6:49
Normal Defense
1 - 31% - 30% - 14:17
2 - 33% - 30% - 15:15
3 - 25% - 25% - 11:32
4 - 11% - 15% - 5:15
PP Forward
1 - 54% - 50% - 2:01
2 - 46% - 50% - 1:45
PP Defense
1 - 54% - 50% - 2:03
2 - 46% - 50% - 1:43
PK Forward
1 - 52% - 50% - 5:07
2 - 48% - 50% - 4:48
PK Defense
1 - 49% - 50% - 4:53
2 - 51% - 50% - 5:02
PK3 Forward
1 - 0% - 50%
2 - 0% - 50%
PK3 Defense
1 - 0% - 50%
2 - 0% - 50%
44 Forward
1 - 0% - 50%
2 - 0% - 50%
44 Defense
1 - 0% - 50%
2 - 0% - 50%
Last Minute Offensive - 0:00
Last Minute Defensive - 0:00
Total
Forward - 60:00
Defense - 60:00
|
Play-by-Play
1st period
0:01 of 1st period - Jean-Gabriel Pageau wins face-off versus Thomas Novak in neutral zone.
0:16 of 1st period - Snap shot by Leon Draisaitl.
0:16 of 1st period - Stopped by Alexandar Georgiev without a rebound.
0:17 of 1st period - Phillip Danault wins face-off versus Michael Carcone in Nashville Predators zone.
0:20 of 1st period - Snap shot by Pavel Buchnevich.
0:20 of 1st period - Stopped by Alexandar Georgiev without a rebound.
0:21 of 1st period - Michael Carcone wins face-off versus Phillip Danault in Nashville Predators zone.
0:26 of 1st period - Brian Dumoulin is hit by Corey Perry and loses puck.
0:31 of 1st period - Slapshot by Corey Perry.
0:31 of 1st period - Shot Misses the Net.
0:33 of 1st period - Wrist shot by Michael Carcone.
0:33 of 1st period - Shot Blocked by Ryan Suter.
0:35 of 1st period - Slapshot by Justin Braun.
0:35 of 1st period - Stopped by Marc-Andre Fleury with a rebound.
0:37 of 1st period - Slapshot by Justin Braun.
0:37 of 1st period - Shot Blocked by Ryan Suter.
0:51 of 1st period - Snap shot by Patrick Maroon.
0:51 of 1st period - Shot Blocked by Phillip Danault.
0:53 of 1st period - Slapshot by Nate Schmidt.
0:53 of 1st period - Shot Hit the Post.
0:55 of 1st period - Slapshot by Brett Leason.
0:55 of 1st period - Shot Misses the Net.
0:57 of 1st period - Snap shot by Brett Leason.
0:57 of 1st period - Deflect By Patrick Maroon.
0:57 of 1st period - Stopped by Marc-Andre Fleury with a rebound.
0:59 of 1st period - Wrist shot by Brett Leason.
0:59 of 1st period - Shot Misses the Net.
1:29 of 1st period - Erik Gudbranson is hit by Markus Niemelainen and loses puck.
2:14 of 1st period - Mattias Ekholm is hit by Patrick Maroon and loses puck.
2:37 of 1st period - Snap shot by Sam Gagner.
2:37 of 1st period - Shot Misses the Net.
2:39 of 1st period - Snap shot by Zemgus Girgensons.
2:39 of 1st period - Shot Misses the Net.
2:43 of 1st period - Wrist shot by Sam Gagner.
2:43 of 1st period - Stopped by Marc-Andre Fleury with a rebound.
2:45 of 1st period - Slapshot by Zemgus Girgensons.
2:45 of 1st period - Shot Blocked by Erik Karlsson.
3:19 of 1st period - Snap shot by Kevin Labanc.
3:19 of 1st period - Shot Misses the Net.
3:41 of 1st period - Cale Makar is hit by Erik Gudbranson and loses puck.
3:59 of 1st period - Minor Penalty to Cale Makar for Hooking.
4:00 of 1st period - Jean-Gabriel Pageau wins face-off versus Riley Nash in Nashville Predators zone.
4:56 of 1st period - Sam Reinhart is hit by Brett Leason and loses puck.
5:00 of 1st period - Icing by Erik Karlsson.
5:01 of 1st period - Tom Wilson wins face-off versus Brett Leason in Pittsburgh Penguins zone.
5:05 of 1st period - Off-side.
5:06 of 1st period - Jean-Gabriel Pageau wins face-off versus Riley Nash in neutral zone.
5:59 of 1st period - Penalty to Cale Makar is over, Cale Makar is back on ice.
6:51 of 1st period - Colton Sissons is hit by Nate Schmidt and loses puck.
7:07 of 1st period - Wrist shot by Tom Wilson.
7:07 of 1st period - Stopped by Alexandar Georgiev with a rebound.
7:09 of 1st period - Slapshot by Mattias Ekholm.
7:09 of 1st period - Stopped by Alexandar Georgiev without a rebound.
7:10 of 1st period - Michael Carcone wins face-off versus Phillip Danault in Nashville Predators zone.
7:15 of 1st period - Slapshot by Cale Makar.
7:15 of 1st period - Deflect By Alex Newhook.
7:15 of 1st period - Shot Misses the Net.
7:15 of 1st period - Puck is out of play.
7:16 of 1st period - Phillip Danault wins face-off versus Michael Carcone in Pittsburgh Penguins zone.
7:27 of 1st period - Snap shot by Pavel Buchnevich.
7:27 of 1st period - Stopped by Alexandar Georgiev with a rebound.
7:29 of 1st period - Snap shot by Sam Reinhart.
7:29 of 1st period - Goal by Sam Reinhart - Pittsburgh Penguins : 1 - Nashville Predators : 0.
7:30 of 1st period - Thomas Novak wins face-off versus Ryan Johansen in neutral zone.
7:37 of 1st period - Slapshot by Blake Wheeler.
7:37 of 1st period - Shot Blocked by Anders Lee.
8:03 of 1st period - Slapshot by Anders Lee.
8:03 of 1st period - Deflect By Ryan Johansen.
8:03 of 1st period - Stopped by Alexandar Georgiev with a rebound.
10:16 of 1st period - Jean-Gabriel Pageau is hit by Blake Wheeler.
11:45 of 1st period - Wrist shot by Leon Draisaitl.
11:45 of 1st period - Shot Misses the Net.
11:47 of 1st period - Slapshot by Ryan Suter.
11:47 of 1st period - Stopped by Alexandar Georgiev with a rebound.
11:49 of 1st period - Wrist shot by Brian Dumoulin.
11:49 of 1st period - Shot Misses the Net.
11:51 of 1st period - Wrist shot by Mitchell Marner.
11:51 of 1st period - Shot Blocked by Markus Niemelainen.
12:07 of 1st period - Wrist shot by Mitchell Marner.
12:07 of 1st period - Deflect By Jean-Gabriel Pageau.
12:07 of 1st period - Stopped by Alexandar Georgiev with a rebound.
12:09 of 1st period - Snap shot by Brian Dumoulin.
12:09 of 1st period - Stopped by Alexandar Georgiev without a rebound.
12:10 of 1st period - Riley Nash wins face-off versus Phillip Danault in Nashville Predators zone.
12:17 of 1st period - Wrist shot by Sam Gagner.
12:17 of 1st period - Deflect By Zemgus Girgensons.
12:17 of 1st period - Shot Blocked by Erik Karlsson.
12:17 of 1st period - Puck is out of play.
12:18 of 1st period - Riley Nash wins face-off versus Phillip Danault in Pittsburgh Penguins zone.
12:32 of 1st period - Off-side.
12:33 of 1st period - Ryan Johansen wins face-off versus Michael Carcone in neutral zone.
12:36 of 1st period - Slapshot by Erik Karlsson.
12:36 of 1st period - Stopped by Alexandar Georgiev with a rebound.
12:42 of 1st period - Snap shot by Alex Newhook.
12:42 of 1st period - Stopped by Marc-Andre Fleury without a rebound.
12:43 of 1st period - Ryan Johansen wins face-off versus Michael Carcone in Pittsburgh Penguins zone.
12:50 of 1st period - Wrist shot by Ryan Johansen.
12:50 of 1st period - Shot Misses the Net.
12:52 of 1st period - Minor Penalty to Michael Carcone for Roughing.
12:53 of 1st period - Sam Reinhart wins face-off versus Riley Nash in Nashville Predators zone.
13:20 of 1st period - Erik Karlsson is hit by Justin Braun.
13:58 of 1st period - Off-side.
13:59 of 1st period - Riley Nash wins face-off versus Leon Draisaitl in neutral zone.
14:52 of 1st period - Penalty to Michael Carcone is over, Michael Carcone is back on ice.
15:12 of 1st period - Snap shot by Tom Wilson.
15:12 of 1st period - Goal by Tom Wilson - Pittsburgh Penguins : 2 - Nashville Predators : 0.
15:13 of 1st period - Michael Carcone wins face-off versus Phillip Danault in neutral zone.
16:10 of 1st period - Wrist shot by Tom Wilson.
16:10 of 1st period - Shot Misses the Net.
16:12 of 1st period - Wrist shot by Colton Sissons.
16:12 of 1st period - Stopped by Alexandar Georgiev without a rebound.
16:13 of 1st period - Riley Nash wins face-off versus Phillip Danault in Nashville Predators zone.
16:25 of 1st period - Snap shot by Riley Nash.
16:25 of 1st period - Stopped by Marc-Andre Fleury with a rebound.
16:45 of 1st period - Snap shot by Ryan Johansen.
16:45 of 1st period - Stopped by Alexandar Georgiev with a rebound.
16:47 of 1st period - Slapshot by Jordan Eberle.
16:47 of 1st period - Goal by Jordan Eberle - Pittsburgh Penguins : 3 - Nashville Predators : 0.
16:48 of 1st period - Riley Nash wins face-off versus Phillip Danault in neutral zone.
16:55 of 1st period - Zemgus Girgensons is hit by Mattias Ekholm.
17:22 of 1st period - Wrist shot by Jordan Eberle.
17:22 of 1st period - Shot Blocked by Michael Carcone.
17:42 of 1st period - Slapshot by Thomas Novak.
17:42 of 1st period - Shot Misses the Net.
18:20 of 1st period - Wrist shot by Sam Reinhart.
18:20 of 1st period - Stopped by Alexandar Georgiev without a rebound.
18:21 of 1st period - Phillip Danault wins face-off versus Riley Nash in Nashville Predators zone.
18:24 of 1st period - Snap shot by Pavel Buchnevich.
18:24 of 1st period - Stopped by Alexandar Georgiev with a rebound.
18:26 of 1st period - Snap shot by Phillip Danault.
18:26 of 1st period - Shot Misses the Net.
18:28 of 1st period - Snap shot by Sam Reinhart.
18:28 of 1st period - Shot Misses the Net.
18:30 of 1st period - Slapshot by Mattias Ekholm.
18:30 of 1st period - Shot Misses the Net.
18:32 of 1st period - Wrist shot by Phillip Danault.
18:32 of 1st period - Stopped by Alexandar Georgiev with a rebound.
18:34 of 1st period - Snap shot by Pavel Buchnevich.
18:34 of 1st period - Stopped by Alexandar Georgiev with a rebound.
18:36 of 1st period - Snap shot by Sam Reinhart.
18:36 of 1st period - Stopped by Alexandar Georgiev with a rebound.
19:36 of 1st period - Wrist shot by Riley Nash.
19:36 of 1st period - Shot Misses the Net.
19:56 of 1st period - Snap shot by Pavel Buchnevich.
19:56 of 1st period - Deflect By Zemgus Girgensons.
19:56 of 1st period - Shot Blocked by Riley Nash.
19:56 of 1st period - Puck is out of play.
19:57 of 1st period - Ryan Johansen wins face-off versus Michael Carcone in Nashville Predators zone.
Goals for this period are 3 for Pittsburgh Penguins vs 0 for Nashville Predators.
Shots for this period are 20 for Pittsburgh Penguins vs 5 for Nashville Predators.
2nd period
0:01 of 2nd period - Ryan Johansen wins face-off versus Michael Carcone in neutral zone.
0:16 of 2nd period - Snap shot by Corey Perry.
0:16 of 2nd period - Stopped by Marc-Andre Fleury with a rebound.
0:26 of 2nd period - Cale Makar is hit by Jean-Gabriel Pageau and loses puck.
0:49 of 2nd period - Slapshot by Pavel Buchnevich.
0:49 of 2nd period - Stopped by Alexandar Georgiev with a rebound.
0:53 of 2nd period - Snap shot by Sam Reinhart.
0:53 of 2nd period - Deflect By Pavel Buchnevich.
0:53 of 2nd period - Stopped by Alexandar Georgiev with a rebound.
0:55 of 2nd period - Slapshot by Erik Gudbranson.
0:55 of 2nd period - Stopped by Alexandar Georgiev with a rebound.
1:02 of 2nd period - Minor Penalty to Riley Nash for Roughing.
1:03 of 2nd period - Ryan Carpenter wins face-off versus Leon Draisaitl in Nashville Predators zone.
1:39 of 2nd period - Wrist shot by Sam Reinhart.
1:39 of 2nd period - Shot Misses the Net.
1:49 of 2nd period - Rasmus Ristolainen is hit by Erik Karlsson.
3:02 of 2nd period - Penalty to Riley Nash is over, Riley Nash is back on ice.
3:27 of 2nd period - Alexander Alexeyev is hit by Ryan Johansen and loses puck.
4:10 of 2nd period - Snap shot by Corey Perry.
4:10 of 2nd period - Stopped by Marc-Andre Fleury with a rebound.
4:12 of 2nd period - Snap shot by Alexander Alexeyev.
4:12 of 2nd period - Deflect By Jean-Gabriel Pageau.
4:12 of 2nd period - Stopped by Marc-Andre Fleury with a rebound.
4:24 of 2nd period - Wrist shot by Ryan Carpenter.
4:24 of 2nd period - Shot Misses the Net.
4:26 of 2nd period - Snap shot by Rasmus Ristolainen.
4:26 of 2nd period - Shot Misses the Net.
4:28 of 2nd period - Snap shot by Brett Leason.
4:28 of 2nd period - Shot Misses the Net.
5:26 of 2nd period - Wrist shot by Ryan Carpenter.
5:26 of 2nd period - Goal by Ryan Carpenter - Pittsburgh Penguins : 3 - Nashville Predators : 1.
5:27 of 2nd period - Michael Carcone wins face-off versus Ryan Johansen in neutral zone.
5:41 of 2nd period - Minor Penalty to Michael Carcone for Goalie Interference.
5:42 of 2nd period - Ryan Carpenter wins face-off versus Leon Draisaitl in Nashville Predators zone.
5:53 of 2nd period - Wrist shot by Ryan Carpenter.
5:53 of 2nd period - Stopped by Marc-Andre Fleury with a rebound.
7:41 of 2nd period - Penalty to Michael Carcone is over, Michael Carcone is back on ice.
7:58 of 2nd period - Slapshot by Ryan Carpenter.
7:58 of 2nd period - Shot Blocked by Erik Gudbranson.
8:00 of 2nd period - Wrist shot by Justin Braun.
8:00 of 2nd period - Stopped by Marc-Andre Fleury without a rebound.
8:01 of 2nd period - Ryan Johansen wins face-off versus Thomas Novak in Pittsburgh Penguins zone.
8:01 of 2nd period - Ryan Johansen is hit by Blake Wheeler.
8:07 of 2nd period - Blake Wheeler is hit by Anders Lee.
8:27 of 2nd period - Snap shot by Gabriel Vilardi.
8:27 of 2nd period - Stopped by Alexandar Georgiev without a rebound.
8:28 of 2nd period - Jean-Gabriel Pageau wins face-off versus Michael Carcone in Nashville Predators zone.
9:23 of 2nd period - Wrist shot by Sam Gagner.
9:23 of 2nd period - Stopped by Marc-Andre Fleury without a rebound.
9:24 of 2nd period - Jean-Gabriel Pageau wins face-off versus Michael Carcone in Pittsburgh Penguins zone.
9:35 of 2nd period - Snap shot by Michael Carcone.
9:35 of 2nd period - Goal by Michael Carcone - Pittsburgh Penguins : 3 - Nashville Predators : 2.
9:36 of 2nd period - Jean-Gabriel Pageau wins face-off versus Michael Carcone in neutral zone.
10:01 of 2nd period - Ryan Suter is hit by Zemgus Girgensons and loses puck.
10:28 of 2nd period - Wrist shot by Leon Draisaitl.
10:28 of 2nd period - Stopped by Alexandar Georgiev with a rebound.
10:40 of 2nd period - Snap shot by Leon Draisaitl.
10:40 of 2nd period - Stopped by Alexandar Georgiev with a rebound.
11:02 of 2nd period - Snap shot by Mitchell Marner.
11:02 of 2nd period - Stopped by Alexandar Georgiev with a rebound.
12:10 of 2nd period - Snap shot by Leon Draisaitl.
12:10 of 2nd period - Stopped by Alexandar Georgiev without a rebound.
12:11 of 2nd period - Phillip Danault wins face-off versus Thomas Novak in Nashville Predators zone.
12:24 of 2nd period - Snap shot by Pavel Buchnevich.
12:24 of 2nd period - Stopped by Alexandar Georgiev without a rebound.
12:25 of 2nd period - Michael Carcone wins face-off versus Ryan Johansen in Nashville Predators zone.
12:30 of 2nd period - Snap shot by Alex Newhook.
12:30 of 2nd period - Shot Misses the Net.
13:36 of 2nd period - Erik Karlsson is hit by Alexander Alexeyev and loses puck.
13:39 of 2nd period - Wrist shot by Gabriel Vilardi.
13:39 of 2nd period - Deflect By Colton Sissons.
13:39 of 2nd period - Stopped by Alexandar Georgiev with a rebound.
13:41 of 2nd period - Wrist shot by Gabriel Vilardi.
13:41 of 2nd period - Stopped by Alexandar Georgiev with a rebound.
13:47 of 2nd period - Snap shot by Tom Wilson.
13:47 of 2nd period - Stopped by Alexandar Georgiev with a rebound.
13:49 of 2nd period - Snap shot by Gabriel Vilardi.
13:49 of 2nd period - Stopped by Alexandar Georgiev with a rebound.
14:01 of 2nd period - Slapshot by Tom Wilson.
14:01 of 2nd period - Stopped by Alexandar Georgiev without a rebound.
14:02 of 2nd period - Thomas Novak wins face-off versus Ryan Johansen in Nashville Predators zone.
14:02 of 2nd period - Thomas Novak is hit by Ryan Johansen.
14:07 of 2nd period - Icing by Thomas Novak.
14:08 of 2nd period - Thomas Novak wins face-off versus Jordan Eberle in Nashville Predators zone.
14:16 of 2nd period - Off-side.
14:17 of 2nd period - Thomas Novak wins face-off versus Phillip Danault in neutral zone.
14:30 of 2nd period - Wrist shot by Thomas Novak.
14:30 of 2nd period - Stopped by Marc-Andre Fleury without a rebound.
14:31 of 2nd period - Ryan Johansen wins face-off versus Michael Carcone in Pittsburgh Penguins zone.
14:31 of 2nd period - Ryan Johansen is hit by Alex Newhook.
14:57 of 2nd period - Corey Perry is hit by Tom Wilson and loses puck.
15:08 of 2nd period - Wrist shot by Gabriel Vilardi.
15:08 of 2nd period - Shot Blocked by Cale Makar.
15:22 of 2nd period - Snap shot by Alex Newhook.
15:22 of 2nd period - Shot Blocked by Pavel Buchnevich.
15:46 of 2nd period - Slapshot by Mitchell Marner.
15:46 of 2nd period - Stopped by Alexandar Georgiev without a rebound.
15:47 of 2nd period - Ryan Johansen wins face-off versus Thomas Novak in Nashville Predators zone.
16:12 of 2nd period - Pavel Buchnevich is hit by Patrick Maroon and loses puck.
16:18 of 2nd period - Minor Penalty to Erik Gudbranson for Roughing.
16:19 of 2nd period - Leon Draisaitl wins face-off versus Thomas Novak in Pittsburgh Penguins zone.
16:42 of 2nd period - Minor Penalty to Leon Draisaitl for Slashing.
16:43 of 2nd period - Phillip Danault wins face-off versus Blake Wheeler in Pittsburgh Penguins zone.
16:43 of 2nd period - Phillip Danault is hit by Kevin Labanc.
16:51 of 2nd period - Slapshot by Phillip Danault.
16:51 of 2nd period - Stopped by Alexandar Georgiev with a rebound.
16:57 of 2nd period - Snap shot by Blake Wheeler.
16:57 of 2nd period - Goal by Blake Wheeler - Pittsburgh Penguins : 3 - Nashville Predators : 3.
16:58 of 2nd period - Blake Wheeler wins face-off versus Pavel Buchnevich in neutral zone.
17:03 of 2nd period - Slapshot by Blake Wheeler.
17:03 of 2nd period - Deflect By Pavel Buchnevich.
17:03 of 2nd period - Stopped by Marc-Andre Fleury with a rebound.
17:05 of 2nd period - Wrist shot by Kevin Labanc.
17:05 of 2nd period - Deflect By Corey Perry.
17:05 of 2nd period - Shot Misses the Net.
17:05 of 2nd period - Puck is out of play.
17:06 of 2nd period - Blake Wheeler wins face-off versus Pavel Buchnevich in Pittsburgh Penguins zone.
17:11 of 2nd period - Slapshot by Blake Wheeler.
17:11 of 2nd period - Deflect By Corey Perry.
17:11 of 2nd period - Stopped by Marc-Andre Fleury without a rebound.
17:12 of 2nd period - Jean-Gabriel Pageau wins face-off versus Sam Gagner in Pittsburgh Penguins zone.
17:27 of 2nd period - J.J. Moser is hit by Justin Braun and loses puck.
17:38 of 2nd period - Snap shot by Cale Makar.
17:38 of 2nd period - Shot Blocked by Erik Gudbranson.
18:28 of 2nd period - Erik Gudbranson is hit by Blake Wheeler and loses puck.
18:42 of 2nd period - Penalty to Leon Draisaitl is over, Leon Draisaitl is back on ice.
19:12 of 2nd period - Backhand shot by Patrick Maroon.
19:12 of 2nd period - Goal by Patrick Maroon - Pittsburgh Penguins : 3 - Nashville Predators : 4.
19:13 of 2nd period - Ryan Johansen wins face-off versus Michael Carcone in neutral zone.
Goals for this period are 0 for Pittsburgh Penguins vs 4 for Nashville Predators.
Shots for this period are 16 for Pittsburgh Penguins vs 13 for Nashville Predators.
3rd period
0:01 of 3rd period - Phillip Danault wins face-off versus Thomas Novak in neutral zone.
0:04 of 3rd period - Wrist shot by Sam Reinhart.
0:04 of 3rd period - Shot Hit the Post.
0:10 of 3rd period - Sam Reinhart is hit by Thomas Novak and loses puck.
1:12 of 3rd period - Erik Karlsson is hit by Justin Braun and loses puck.
1:17 of 3rd period - Slapshot by Erik Karlsson.
1:17 of 3rd period - Stopped by Alexandar Georgiev with a rebound.
1:31 of 3rd period - Wrist shot by Kevin Labanc.
1:31 of 3rd period - Stopped by Marc-Andre Fleury without a rebound.
1:32 of 3rd period - Phillip Danault wins face-off versus Thomas Novak in Pittsburgh Penguins zone.
1:47 of 3rd period - Snap shot by Sam Reinhart.
1:47 of 3rd period - Shot Blocked by Kevin Labanc.
1:49 of 3rd period - Slapshot by Phillip Danault.
1:49 of 3rd period - Stopped by Alexandar Georgiev with a rebound.
2:11 of 3rd period - Wrist shot by Cale Makar.
2:11 of 3rd period - Stopped by Marc-Andre Fleury with a rebound.
2:21 of 3rd period - Sam Gagner is hit by Mitchell Marner and loses puck.
2:46 of 3rd period - Wrist shot by Sam Reinhart.
2:46 of 3rd period - Deflect By Pavel Buchnevich.
2:46 of 3rd period - Stopped by Alexandar Georgiev with a rebound.
2:48 of 3rd period - Backhand shot by Phillip Danault.
2:48 of 3rd period - Shot Blocked by Alexander Alexeyev.
2:50 of 3rd period - Slapshot by Ryan Suter.
2:50 of 3rd period - Stopped by Alexandar Georgiev without a rebound.
2:51 of 3rd period - Thomas Novak wins face-off versus Phillip Danault in Nashville Predators zone.
2:58 of 3rd period - Wrist shot by Thomas Novak.
2:58 of 3rd period - Stopped by Marc-Andre Fleury without a rebound.
2:59 of 3rd period - Thomas Novak wins face-off versus Phillip Danault in Pittsburgh Penguins zone.
3:05 of 3rd period - Icing by Phillip Danault.
3:06 of 3rd period - Thomas Novak wins face-off versus Phillip Danault in Pittsburgh Penguins zone.
3:09 of 3rd period - Snap shot by Thomas Novak.
3:09 of 3rd period - Shot Misses the Net.
3:11 of 3rd period - Snap shot by Kevin Labanc.
3:11 of 3rd period - Stopped by Marc-Andre Fleury with a rebound.
3:25 of 3rd period - Snap shot by Pavel Buchnevich.
3:25 of 3rd period - Stopped by Alexandar Georgiev without a rebound.
3:26 of 3rd period - Michael Carcone wins face-off versus Ryan Johansen in Nashville Predators zone.
3:31 of 3rd period - Wrist shot by Ryan Johansen.
3:31 of 3rd period - Stopped by Alexandar Georgiev with a rebound.
3:39 of 3rd period - Slapshot by Ryan Johansen.
3:39 of 3rd period - Shot Blocked by Michael Carcone.
3:41 of 3rd period - Wrist shot by Jordan Eberle.
3:41 of 3rd period - Shot Misses the Net.
3:47 of 3rd period - Minor Penalty to Corey Perry for Goalie Interference.
3:48 of 3rd period - Ryan Carpenter wins face-off versus Leon Draisaitl in Nashville Predators zone.
3:48 of 3rd period - Ryan Carpenter is hit by Leon Draisaitl.
4:20 of 3rd period - Snap shot by Jean-Gabriel Pageau.
4:20 of 3rd period - Shot Misses the Net.
5:47 of 3rd period - Penalty to Corey Perry is over, Corey Perry is back on ice.
7:21 of 3rd period - Wrist shot by Michael Carcone.
7:21 of 3rd period - Shot Misses the Net.
8:12 of 3rd period - Wrist shot by Patrick Maroon.
8:12 of 3rd period - Stopped by Marc-Andre Fleury with a rebound.
8:24 of 3rd period - Snap shot by Alex Newhook.
8:24 of 3rd period - Shot Blocked by Gabriel Vilardi.
8:26 of 3rd period - Snap shot by Michael Carcone.
8:26 of 3rd period - Stopped by Marc-Andre Fleury with a rebound.
8:28 of 3rd period - Snap shot by Alex Newhook.
8:28 of 3rd period - Deflect By Corey Perry.
8:28 of 3rd period - Shot Misses the Net.
8:28 of 3rd period - Puck is out of play.
8:29 of 3rd period - Phillip Danault wins face-off versus Michael Carcone in Pittsburgh Penguins zone.
8:44 of 3rd period - Wrist shot by Sam Reinhart.
8:44 of 3rd period - Shot Misses the Net.
8:46 of 3rd period - Slapshot by Mattias Ekholm.
8:46 of 3rd period - Shot Misses the Net.
9:15 of 3rd period - Off-side.
9:16 of 3rd period - Ryan Johansen wins face-off versus Riley Nash in neutral zone.
9:20 of 3rd period - Icing by Nate Schmidt.
9:21 of 3rd period - Zemgus Girgensons wins face-off versus Phillip Danault in Nashville Predators zone.
10:08 of 3rd period - Off-side.
10:09 of 3rd period - Ryan Johansen wins face-off versus Michael Carcone in neutral zone.
11:02 of 3rd period - Slapshot by Riley Nash.
11:02 of 3rd period - Stopped by Marc-Andre Fleury without a rebound.
11:03 of 3rd period - Jordan Eberle wins face-off versus Ryan Carpenter in Pittsburgh Penguins zone.
11:28 of 3rd period - Kevin Labanc is hit by Erik Gudbranson and loses puck.
11:35 of 3rd period - Slapshot by Justin Braun.
11:35 of 3rd period - Stopped by Marc-Andre Fleury with a rebound.
11:37 of 3rd period - Snap shot by Blake Wheeler.
11:37 of 3rd period - Stopped by Marc-Andre Fleury with a rebound.
11:51 of 3rd period - Slapshot by Mitchell Marner.
11:51 of 3rd period - Stopped by Alexandar Georgiev without a rebound.
11:52 of 3rd period - Jean-Gabriel Pageau wins face-off versus Zemgus Girgensons in Nashville Predators zone.
11:57 of 3rd period - Wrist shot by Mitchell Marner.
11:57 of 3rd period - Shot Misses the Net.
12:05 of 3rd period - Mitchell Marner is hit by Sam Gagner and loses puck.
13:01 of 3rd period - Brett Leason is hit by Ryan Johansen and loses puck.
13:10 of 3rd period - Alexander Alexeyev is hit by Jordan Eberle and loses puck.
13:54 of 3rd period - Slapshot by Cale Makar.
13:54 of 3rd period - Shot Misses the Net.
13:56 of 3rd period - Snap shot by Thomas Novak.
13:56 of 3rd period - Stopped by Marc-Andre Fleury without a rebound.
13:57 of 3rd period - Michael Carcone wins face-off versus Jean-Gabriel Pageau in Pittsburgh Penguins zone.
13:58 of 3rd period - Snap shot by Cale Makar.
13:58 of 3rd period - Stopped by Marc-Andre Fleury with a rebound.
14:00 of 3rd period - Snap shot by Cale Makar.
14:00 of 3rd period - Shot Blocked by Mitchell Marner.
14:02 of 3rd period - Snap shot by Corey Perry.
14:02 of 3rd period - Stopped by Marc-Andre Fleury without a rebound.
14:03 of 3rd period - Jean-Gabriel Pageau wins face-off versus Michael Carcone in Pittsburgh Penguins zone.
14:03 of 3rd period - Jean-Gabriel Pageau is hit by Alex Newhook.
14:32 of 3rd period - Slapshot by Cale Makar.
14:32 of 3rd period - Shot Misses the Net.
14:34 of 3rd period - Snap shot by Blake Wheeler.
14:34 of 3rd period - Stopped by Marc-Andre Fleury with a rebound.
14:58 of 3rd period - Wrist shot by Ryan Carpenter.
14:58 of 3rd period - Stopped by Marc-Andre Fleury without a rebound.
14:59 of 3rd period - Thomas Novak wins face-off versus Jean-Gabriel Pageau in Pittsburgh Penguins zone.
15:02 of 3rd period - Wrist shot by Blake Wheeler.
15:02 of 3rd period - Shot Blocked by Jean-Gabriel Pageau.
15:46 of 3rd period - Mattias Ekholm is hit by Riley Nash and loses puck.
16:07 of 3rd period - Justin Braun is hit by J.J. Moser and loses puck.
17:10 of 3rd period - Wrist shot by Riley Nash.
17:10 of 3rd period - Stopped by Marc-Andre Fleury without a rebound.
17:11 of 3rd period - Riley Nash wins face-off versus Colton Sissons in Pittsburgh Penguins zone.
17:36 of 3rd period - Ryan Johansen is hit by Patrick Maroon and loses puck.
18:00 of 3rd period - Off-side.
18:01 of 3rd period - Thomas Novak wins face-off versus Jean-Gabriel Pageau in neutral zone.
18:11 of 3rd period - Snap shot by Leon Draisaitl.
18:11 of 3rd period - Stopped by Alexandar Georgiev without a rebound.
18:12 of 3rd period - Riley Nash wins face-off versus Ryan Johansen in Nashville Predators zone.
18:12 of 3rd period - Riley Nash is hit by Anders Lee.
18:36 of 3rd period - Minor Penalty to Erik Gudbranson for Hooking.
18:37 of 3rd period - Jean-Gabriel Pageau wins face-off versus Blake Wheeler in Pittsburgh Penguins zone.
19:26 of 3rd period - Icing by Justin Braun.
19:27 of 3rd period - Blake Wheeler wins face-off versus Leon Draisaitl in Nashville Predators zone.
19:36 of 3rd period - Wrist shot by Thomas Novak.
19:36 of 3rd period - Shot Misses the Net.
19:38 of 3rd period - Slapshot by Nate Schmidt.
19:38 of 3rd period - Deflect By Riley Nash.
19:38 of 3rd period - Shot Misses the Net.
19:38 of 3rd period - Puck is out of play.
19:39 of 3rd period - Peter DeBoer call a timeout for Pittsburgh Penguins.
19:39 of 3rd period - Jean-Gabriel Pageau wins face-off versus Blake Wheeler in Pittsburgh Penguins zone.
19:39 of 3rd period - Jean-Gabriel Pageau is hit by Rasmus Ristolainen.
Goals for this period are 0 for Pittsburgh Penguins vs 0 for Nashville Predators.
Shots for this period are 8 for Pittsburgh Penguins vs 15 for Nashville Predators.
Back to the Top